 Dungeon Crawl Stone Soup version 0.23.2-33-g5129a83184 (webtiles) character file.

Game seed: 10719808480014385083

1751 Craats the Spear-Bearer (level 9, 0/68 HPs)
             Began as a Merfolk Gladiator on Aug 2, 2019.
             Was an Initiate of Ashenzari.
             Slain by a killer bee (6 damage)
             ... on level 7 of the Dungeon on Aug 8, 2019.
             The game lasted 00:27:28 (5468 turns).

Craats the Spear-Bearer (Merfolk Gladiator)         Turns: 5468, Time: 00:27:29

Health: 0/68       AC: 11    Str: 17    XL:     9   Next: 6%
Magic:  9/9        EV: 13    Int: 11    God:    Ashenzari [......]
Gold:   258        SH:  0    Dex: 16    Spells: 8/8 levels left

rFire    + . .     SeeInvis .   a - +0 trident
rCold    + . .     Gourm    .   (no shield)
rNeg     . . .     Faith    .   G - +0 chain mail
rPois    +         Spirit   .   E - +0 helmet
rElec    +         Reflect  .   (no cloak)
rCorr    +         Harm     .   n - +0 pair of gloves
MR       .....                  (no boots)
Stlth    ..........             (no amulet)
HPRegen  0.21/turn              r - +3 ring of evasion
MPRegen  0.11/turn              D - +4 ring of intelligence

@: lethally poisoned (0 -> -2), resistant
A: change form in water, swift swim, stealthy swim
a: Curse Item, Renounce Religion


You were on level 7 of the Dungeon.
You worshipped Ashenzari.
Ashenzari was noncommittal.
You were not hungry.

You visited 2 branches of the dungeon, and saw 8 of its levels.

You collected 307 gold pieces.
You spent 49 gold pieces at shops.

Inventory:

Hand Weapons
 a - a +0 trident (weapon)
 J - a +0 trident
Missiles
 d - 2 throwing nets (quivered)
Armour
 e - a +0 scale mail
 n - a +0 pair of gloves (worn)
 E - a +0 helmet (worn)
 G - a +0 chain mail (worn)
Jewellery
 r - a +3 ring of evasion (left hand)
 C - an uncursed ring of teleportation
 D - a +4 ring of intelligence (right hand)
Wands
 c - a wand of random effects (16)
 v - a wand of clouds (6)
Scrolls
 b - 2 scrolls of blinking
 i - 2 scrolls of identify
 j - 6 scrolls of remove curse
 k - a scroll of noise {unknown}
 l - a scroll of enchant weapon {unknown}
 p - 2 scrolls of enchant armour
 w - 2 scrolls of amnesia
 y - 2 scrolls of teleportation {unknown}
 A - a scroll of random uselessness {unknown}
 B - 2 scrolls of fear {unknown}
 F - a scroll of magic mapping {unknown}
 H - 2 scrolls of silence {unknown}
 I - 2 scrolls of torment {unknown}
Potions
 g - 2 potions of flight
 o - a potion of lignification {unknown}
 q - a potion of haste
 s - a potion of resistance
 t - 2 potions of degeneration {unknown}
 u - a potion of invisibility {unknown}
 x - a potion of agility {unknown}
 z - a potion of might {unknown}
Comestibles
 f - 5 rations


   Skills:
 + Level 5.5 Fighting
 + Level 11.6 Polearms
 + Level 2.3 Throwing
 + Level 4.1 Armour
 + Level 6.0 Dodging
 + Level 0.2 Stealth


You had 8 spell levels left.
You didn't know any spells.
Your spell library was empty.

Dungeon Overview and Level Annotations

Branches:
Dungeon (7/15)             Temple (1/1) D:5

Altars:
Ashenzari
Cheibriados
Dithmenos
Elyvilon
Fedhas
Gozag
Hepliaklqana
Kikubaaqudgha
Makhleb
Nemelex Xobeh
Okawaru
Qazlal
Ru
Sif Muna
Trog
Uskayaw
Vehumet
Wu Jian
Xom
Yredelemnul
Zin
The Shining One

Shops:
D:6 *

Portals:
Sewer: D:3

Annotations:
D:6 Pikel


Message History

The killer bee poisons you!
You feel better. The killer bee misses you.
The killer bee stings you but does no damage.
The killer bee barely misses you. The killer bee stings you!
* * * LOW HITPOINT WARNING * * *
You are poisoned.
The killer bee poisons you!
It was a potion of resistance.
You feel protected.
You feel sick.
The killer bee stings you but does no damage.
The killer bee closely misses you.
The killer bee stings you but does no damage.
The killer bee misses you.
You miss the killer bee.
The killer bee is severely wounded.
You feel sick. The killer bee barely misses you.
The killer bee stings you but does no damage.
The killer bee completely misses you. The killer bee stings you.
You die...

### ## #..
. ...
#.#.#
.#.## ...
#
##.##.###.
#([.......
#y@.......
#y###.....
#y# ##.#
#†# # #.#
#.. ###.
##


You could see 3 killer bees.

Vanquished Creatures
  3 humans (D:6)
  A sky beast (D:5)
  A phantom (D:4)
  An ogre (D:4)
  A slave (D:7)
  A centaur (D:7)
  Blork the orc (D:4)
  A bullfrog (D:6)
  A killer bee (D:7)
  2 howler monkeys
  A crimson imp (D:5)
  A quasit (D:6)
  6 hounds
  A bullfrog skeleton (D:4)
  A gnoll shaman (D:5)
  2 orc wizards (D:5)
  5 worker ants
  2 killer bee zombies
  A hound skeleton (D:4)
  7 gnolls
  2 river rats (D:3)
  2 adders (D:3)
  3 oozes
  A worm (D:4)
  2 leopard geckos
  5 orcs
  A ball python (D:4)
  4 bats
  9 giant cockroaches
  8 goblins
  7 hobgoblins
  2 jackals (D:5)
  10 kobolds
  2 quokkas
  3 frilled lizards
  A giant cockroach zombie (D:5)
  11 rats
  3 bushes (Temple)
116 creatures vanquished.

Notes
Turn   | Place    | Note
-------+----------+-------------------------------------------
     0 | D:1      | Craats the Merfolk Gladiator began the quest for the Orb.
     0 | D:1      | Reached XP level 1. HP: 16/16 MP: 1/1
   100 | D:1      | Reached XP level 2. HP: 20/22 MP: 2/2
   243 | D:1      | Reached skill level 5 in Polearms
   392 | D:1      | Reached XP level 3. HP: 27/28 MP: 3/3
  1113 | D:2      | Reached XP level 4. HP: 32/34 MP: 4/4
  1591 | D:3      | Reached skill level 6 in Polearms
  1801 | D:3      | Reached skill level 1 in Armour
  1877 | D:3      | Found a glowing drain.
  1881 | D:3      | Reached XP level 5. HP: 24/40 MP: 5/5
  2160 | D:4      | Noticed Blork the orc
  2177 | D:4      | Killed Blork the orc
  2177 | D:4      | Reached skill level 7 in Polearms
  2177 | D:4      | Reached XP level 6. HP: 30/47 MP: 6/6
  2242 | D:4      | Reached skill level 5 in Dodging
  2812 | D:4      | Reached skill level 8 in Polearms
  2816 | D:4      | Found the -2 hat of the Alchemist {rElec rPois rF+ rC+ rN+
                  | MR+ rMut rCorr}
  2826 | D:4      | Reached XP level 7. HP: 25/52 MP: 7/7
  3327 | D:5      | Entered Level 5 of the Dungeon
  3333 | D:5      | Reached skill level 9 in Polearms
  3585 | D:5      | Found a white marble altar of Elyvilon.
  4103 | D:5      | Reached XP level 8. HP: 39/61 MP: 8/8
  4257 | D:5      | Found a staircase to the Ecumenical Temple.
  4278 | Temple   | Entered the Ecumenical Temple
  4339 | Temple   | Became a worshipper of Ashenzari the Shackled
  4731 | D:5      | Found a shadowy altar of Dithmenos.
  4832 | D:5      | Reached skill level 10 in Polearms
  5023 | D:6      | Found Ynonox's General Store.
  5071 | D:6      | Bought a +0 trident for 49 gold pieces
  5224 | D:6      | Reached skill level 5 in Fighting
  5251 | D:6      | Noticed Pikel
  5252 | D:6      | Reached skill level 11 in Polearms
  5432 | D:7      | Reached XP level 9. HP: 17/68 MP: 9/9
  5463 | D:7      | HP: 1/68 [killer bee (3)]
  5468 | D:7      | Slain by a killer bee

Skill      XL: |  1  2  3  4  5  6  7  8 |
---------------+-------------------------+-----
Polearms       | 5 6 7 8 9 11 | 11.6
Armour         | 1 2 3 4 |  4.1
Fighting       | 3 4 5 |  5.5
Dodging        | 5 6 |  6.0
Throwing       | |  2.3
Stealth        | |  0.2

Action                   |  1- 3 |  4- 6 |  7- 9 || total
-------------------------+-------+-------+-------++-------
Melee: Trident           |    97 |   155 |   594 ||   846
       Tailslap          |       |     1 |       ||     1
Throw: Throwing net      |       |     1 |     4 ||     5
  Use: Scroll            |     1 |       |     4 ||     5
       Potion            |       |     1 |    10 ||    11
  Eat: Ration            |       |     3 |     2 ||     5
Armor: Scale mail        |    25 |    45 |    22 ||    92
       Chain mail        |       |       |   136 ||   136
Dodge: Dodged            |    43 |   117 |   240 ||   400
